 Dungeon Crawl Stone Soup version 0.19.1-1-g22dce08 (webtiles) character file.

180 godfroggy the Slasher (level 5, -4/45 HPs)
             Began as a Minotaur Fighter on Jan 8, 2017.
             Was an Initiate of Qazlal.
             Slain by a hornet (13 damage)
             ... on level 4 of the Dungeon.
             The game lasted 00:09:21 (2405 turns).

godfroggy the Slasher (Minotaur Fighter)            Turns: 2405, Time: 00:09:22

Health: -4/45      AC:  6    Str: 20    XL:     5   Next: 33%
Magic:  13/13      EV:  7    Int:  5    God:    Qazlal [......]
Gold:   117        SH:  9    Dex: 11    Spells: 0 memorised, 4 levels left

rFire  . . .     SeeInvis .     a - +0 long sword
rCold  . . .     Gourm    .     b - +0 scale mail
rNeg   . . .     Faith    .     c - +0 shield
rPois  .         Spirit   .     (helmet restricted)
rElec  .         Reflect  .     (no cloak)
rCorr  .         Harm     .     (no gloves)
MR     .....                    (no boots)
Stlth  ..........               (no amulet)
                                e - ring of flight
                                g - ring of magical power

@: lethally poisoned (-4 -> -19), slowed, very slow
A: retaliatory headbutt, horns 2
a: Renounce Religion, Evoke Flight


You were on level 4 of the Dungeon.
You worshipped Qazlal.
Qazlal was noncommittal.
You were not hungry.

You visited 2 branches of the dungeon, and saw 5 of its levels.

You collected 117 gold pieces.

Inventory:

Hand Weapons
 a - a +0 long sword (weapon)
Armour
 b - a +0 scale mail (worn)
 c - a +0 shield (worn)
Jewellery
 e - a ring of flight (right hand)
 g - a ring of magical power (left hand)
Scrolls
 h - 2 scrolls of immolation
 m - a scroll of remove curse
Potions
 d - a potion of might
 n - a potion of heal wounds {unknown}
Comestibles
 f - 2 bread rations
 i - a slice of pizza
 j - 3 fruits
 k - a royal jelly
 l - a meat ration


   Skills:
 - Level 3.6 Fighting
 + Level 6.8 Long Blades
 - Level 3.6 Armour
 - Level 3.6 Shields


You had 4 spell levels left.
You didn't know any spells.

Dungeon Overview and Level Annotations

Branches:
Dungeon (4/15)             Temple (1/1) D:4

Altars:
Ashenzari
Dithmenos
Elyvilon
Fedhas
Gozag
Kikubaaqudgha
Nemelex Xobeh
Okawaru
Qazlal
Ru
Trog
Uskayaw
Vehumet
Yredelemnul


Innate Abilities, Weirdness & Mutations

You reflexively headbutt those who attack you in melee.
You have a pair of horns on your head.


Message History

You are poisoned.
You feel yourself slow down.
The hornet stings you but does no damage.
You feel sick. You block the hornet's attack. The hornet barely misses you.
The hornet stings you.
You feel as though you will be slow longer.
You completely miss the hornet. Your headbutt misses the hornet.
You feel sick. The hornet stings you!
You feel as though you will be slow longer.
The hornet stings you!
You are lethally poisoned!
You feel as though you will be slow longer.
You slash the hornet! Your headbutt misses the hornet.
The hornet is moderately wounded.
* * * LOW HITPOINT WARNING * * *
You feel sick. The hornet stings you.
* * * LOW HITPOINT WARNING * * *
You feel as though you will be slow longer.
You block the hornet's attack. The hornet stings you!
You die...

...#.<........###
#.#.....#..#.##
#(.............
#....#+###.#.######
.###.#..............#
#.........#.#........#
###########.#........#
........#....[.....#
... #@#####..###..
#.#. #y# ##.## .o. #h#
#..# #.. #o# ##.##
#..###.# #..# +#
#......########.###.#
....#................#
.# #.......#####.##.#
#.......# #..#.#


You could see a hornet, a howler monkey and an orc wizard.

Vanquished Creatures
  An orc priest (D:4)
  An orc wizard (D:4)
  Jessica (D:3)
  2 adders
  6 dart slugs
  3 leopard geckos
  3 orcs
  3 giant cockroaches
  5 goblins
  10 hobgoblins
  4 jackals (D:3)
  2 quokkas
  4 bats
  3 frilled lizards
  5 kobolds
  8 rats
61 creatures vanquished.

Notes
Turn   | Place    | Note
-------+----------+-------------------------------------------
     0 | D:1      | godfroggy the Minotaur Fighter began the quest for the Orb.
     0 | D:1      | Reached XP level 1. HP: 19/19 MP: 0/0
    85 | D:1      | Reached skill level 3 in Long Blades
   134 | D:1      | Reached XP level 2. HP: 26/26 MP: 1/1
   498 | D:1      | Reached skill level 4 in Long Blades
   524 | D:1      | Reached XP level 3. HP: 28/31 MP: 2/2
   984 | D:2      | Found a sacrificial altar of Ru.
   992 | D:2      | Became a worshipper of Ru the Awakened
  1022 | D:2      | Reached skill level 5 in Long Blades
  1432 | D:3      | Noticed Jessica
  1436 | D:3      | Killed Jessica
  1436 | D:3      | Reached XP level 4. HP: 37/39 MP: 3/3
  1905 | D:4      | Reached skill level 6 in Long Blades
  1907 | D:4      | Found a staircase to the Ecumenical Temple.
  1909 | D:4      | Fell from the grace of Ru
  1915 | Temple   | Entered the Ecumenical Temple
  2038 | Temple   | Became a worshipper of Qazlal Stormbringer
  2082 | D:4      | Reached XP level 5. HP: 19/45 MP: 4/4
  2393 | D:4      | Noticed a hornet
  2405 | D:4      | Slain by a hornet

Skill      XL: |  1  2  3  4 |
---------------+-------------+-----
Long Blades    | 3 4 5 6 |  6.8
Fighting       | |  3.6
Armour         | |  3.6
Shields        | |  3.6

Action                   |  1- 3 |  4- 6 || total
-------------------------+-------+-------++-------
Melee: Long sword        |    87 |    62 ||   149
       Headbutt          |    17 |     5 ||    22
Invok: Renounce Religion |       |     1 ||     1
  Use: Scroll            |     4 |       ||     4
  Eat: Chunk             |     2 |       ||     2
       Bread ration      |       |     1 ||     1
Armor: Scale mail        |    11 |    19 ||    30
Dodge: Dodged            |    23 |    17 ||    40
Block: Shield            |    37 |    24 ||    61
       Rpst.: Long sword |     3 |     1 ||     4
